 Dungeon Crawl Stone Soup version 0.19-a0-1526-gc2972aa (webtiles) character file.

3042 Arkorax the Skirmisher (level 9, -7/72 HPs)
             Began as a Demonspawn Gladiator on Sept 13, 2016.
             Was a Priest of Cheibriados.
             Mangled by a three-headed hydra (12 damage)
             ... on level 8 of the Dungeon.
             The game lasted 00:12:35 (7860 turns).

Arkorax the Skirmisher (Demonspawn Gladiator)       Turns: 7860, Time: 00:12:37

Health: -7/72      AC: 13    Str: 25    XL:     9   Next: 56%
Magic:  14/14      EV: 14    Int: 16    God:    Cheibriados [***...]
Gold:   245        SH:  6    Dex: 22    Spells: 0 memorised, 8 levels left

rFire  . . .     SeeInvis .       - Unarmed
rCold  + . .     Gourm    .     r - +3 scale mail
rNeg   . . .     Faith    .     (no shield)
rPois  .         Spirit   .     c - +0 helmet
rElec  .         Dismiss  .     g - +1 cloak
rCorr  .         Reflect  .     e - +0 pair of gloves
MR     .....     Harm     .     (no boots)
Stlth  ..........               (no amulet)
                                (no ring)
                                (no ring)

@: drained, very slow
A: claws 1, large bone plates 2, cold resistance 1, demonic guardian 1
a: Bend Time, Temporal Distortion, Renounce Religion


You were on level 8 of the Dungeon.
You worshipped Cheibriados.
Cheibriados was most pleased with you.
You were not hungry.

You visited 2 branches of the dungeon, and saw 9 of its levels.

You collected 245 gold pieces.

Inventory:

Hand Weapons
 a - a +0 long sword
Missiles
 z - 4 curare-tipped needles
 Y - 3 throwing nets (quivered)
Armour
 b - a +0 leather armour
 c - a +0 helmet (worn)
 e - a +0 pair of gloves (worn)
 g - a +1 cloak (worn)
 r - a +3 scale mail (worn)
Jewellery
 m - a -2 ring of strength
 J - an uncursed ring of ice
Wands
 w - a wand of flame (0/48)
 K - a wand of lightning (5/15)
Scrolls
 d - a scroll of magic mapping {unknown}
 h - 4 scrolls of blinking {unknown}
 j - 4 scrolls of amnesia {unknown}
 n - a scroll of random uselessness {unknown}
 t - a scroll of fog {unknown}
 v - a scroll of recharging {unknown}
 y - 6 scrolls of identify {unknown}
 A - 3 scrolls of teleportation {unknown}
 B - 2 scrolls of enchant armour
 E - a scroll of summoning {unknown}
 F - a scroll of fear {unknown}
 L - a scroll of noise {unknown}
 P - a scroll of immolation {unknown}
 T - 2 scrolls of enchant weapon {unknown}
Potions
 k - 2 potions of flight {unknown}
 l - a potion of lignification {unknown}
 o - 3 potions of curing
 q - a potion of ambrosia {unknown}
 s - a potion of degeneration {unknown}
 u - 2 potions of magic {unknown}
 C - 2 potions of resistance {unknown}
 D - 2 potions of might {unknown}
 G - 2 potions of agility {unknown}
 H - a potion of mutation {unknown}
 I - 4 potions of heal wounds {unknown}
 Q - a potion of brilliance {unknown}
Books
 N - a book of the Dragon
 O - a book of Spatial Translocations
Comestibles
 f - a bread ration {!e}
 i - 7 meat rations {!e}
 p - 13 slices of pizza
 x - a royal jelly
 M - a beef jerky
 R - 12 fruits


   Skills:
 + Level 7.5(7.4) Fighting
 - Level 5.6(5.5) Long Blades
 - Level 1.7(1.6) Throwing
 - Level 5.7(5.6) Dodging
 * Level 5.4(5.2) Unarmed Combat
 + Level 6.9(6.8) Invocations


You had 8 spell levels left.
You didn't know any spells.

Dungeon Overview and Level Annotations

Branches:
Dungeon (8/15)             Temple (1/1) D:4
   Lair: D:8-11

Altars:
Ashenzari
Cheibriados
Dithmenos
Elyvilon
Fedhas
Gozag
Hepliaklqana
Kikubaaqudgha
Nemelex Xobeh
Okawaru
Qazlal
Ru
Sif Muna
Trog
Uskayaw
Vehumet
Xom
Yredelemnul
Zin
The Shining One

Shops:
D:5 [   D:7 *

Annotations:
D:3 1 runed door
D:8 exclusion: 2 doors


Innate Abilities, Weirdness & Mutations

You have sharp fingernails.
You are mostly covered in large bone plates. (SH +6)
Your flesh is cold resistant. (rC+)
A weak demonic guardian rushes to your aid.


Message History

The three-headed hydra bites you but does no damage. x2
Your shadow imp hits the three-headed hydra.
Damage: 9 (max 11)
Your shadow imp gestures at the three-headed hydra.
The three-headed hydra resists with some effort.
The three-headed hydra bites you but does no damage.
The three-headed hydra closely misses you.
The three-headed hydra bites you but does no damage.
Your shadow imp barely misses the scorpion.
Your shadow imp hits the scorpion.
You swap places.
Your ufetubus hits the three-headed hydra. x2
The three-headed hydra barely misses your ufetubus.
The three-headed hydra misses your ufetubus. x2
Your shadow imp gestures at the three-headed hydra.
The scorpion writhes in agony!
Your ufetubus hits the three-headed hydra. x2
The three-headed hydra bites your ufetubus but does no damage.
The three-headed hydra bites your ufetubus!
Your ufetubus dies!
Your shadow imp hits the big kobold.
Wield which item (- for none, * to show all)? (? for menu, Esc to quit)
You are now empty-handed.
The three-headed hydra bites you but does no damage.
The three-headed hydra closely misses you.
The three-headed hydra bites you!
* * * LOW HITPOINT WARNING * * *
Damage: 7 (max 11)
The three-headed hydra bites you!
* * * LOW HITPOINT WARNING * * *
The three-headed hydra barely misses you.
You block the three-headed hydra's attack.
Damage: 9 (max 11) Unknown command.
Evoke which item? (* to show all) (? for menu, Esc to quit)
Okay, then.
Unknown command.
Your shadow imp closely misses the big kobold.
You swap places.
The three-headed hydra bites your white imp!
Your white imp dies!
Your shadow imp barely misses the big kobold.
Unknown command.
Your shadow imp disappears in a puff of smoke!
The three-headed hydra bites you.
* * * LOW HITPOINT WARNING * * *
The three-headed hydra bites you!
* * * LOW HITPOINT WARNING * * *
The three-headed hydra bites you!
You die...

##'''###'#.#.##..#
#.....P≈.#.#.##..#
#.....≈≈≈#...##..#
#..P..P(≈######..#
#......≈P# #..#
#.≈.K.≈PP######..#
####(#####.......#
#.).(............#
#..#(.#....#####@#
#).#>.###..# #D#
..K(.......#####s#
...#..###.......K#
##.#..# #..#####.#
##.#<.###..# #.#
#..........#####§#
...(.......5K....#
#....#############


You could see a three-headed hydra, a big kobold and a scorpion.

Vanquished Creatures
  The ghost of ScarCow the Vandal, a novice HuWn (D:6)
  2 dream sheep (D:8)
  A yak (D:8)
  A hungry ghost (D:7)
  2 ice beasts
  2 sky beasts
  An ogre (D:4)
  A centaur (D:8)
  A giant frog (D:7)
  2 big kobolds (D:8)
  2 scorpions
  2 killer bees (D:7)
  3 crimson imps
  A jelly (D:5)
  2 orc priests
  3 hounds
  9 orc wizards
  Terence (D:3)
  An iguana (D:7)
  6 worker ants
  A worker ant zombie (D:8)
  4 adders
  An ooze (D:3)
  An adder skeleton (D:8)
  3 worms
  2 dart slugs
  5 giant geckos
  27 orcs
  9 bats
  10 giant cockroaches
  17 goblins
  11 hobgoblins
  15 jackals
  2 quokkas
  A ball python (D:4)
  A giant gecko zombie (D:5)
  A giant newt (D:1)
  16 kobolds
  10 rats
  A spectral orc (D:7)
182 creatures vanquished.

Vanquished Creatures (collateral kills)
  A yak (D:8)
  A hungry ghost (D:7)
  A water moccasin zombie (D:7)
  A killer bee (D:7)
  An orc priest (D:7)
  An iguana (D:5)
  An orc (D:5)
  A jackal (D:8)
8 creatures vanquished.

Vanquished Creatures (others)
  A plant (D:8)
1 creature vanquished.

Grand Total: 191 creatures vanquished

Notes
Turn   | Place    | Note
-------+----------+-------------------------------------------
     0 | D:1      | Arkorax the Demonspawn Gladiator began the quest for the Orb.
     0 | D:1      | Reached XP level 1. HP: 16/16 MP: 1/1
   213 | D:1      | Gained mutation: You are partially covered in large bone plates. (SH +4) [demonic ancestry]
   213 | D:1      | Reached XP level 2. HP: 19/22 MP: 2/2
   375 | D:1      | Reached skill level 3 in Long Blades
   481 | D:1      | Reached skill level 3 in Dodging
   572 | D:1      | Gained mutation: You are mostly covered in large bone plates. (SH +6) [demonic ancestry]
   572 | D:1      | Reached XP level 3. HP: 23/28 MP: 3/3
   652 | D:1      | Found a shimmering altar of Xom.
  1440 | D:3      | Reached XP level 4. HP: 25/34 MP: 4/4
  1496 | D:3      | Reached skill level 3 in Fighting
  1549 | D:3      | Noticed an orc warrior
  1687 | D:3      | Noticed Terence
  1725 | D:3      | Killed Terence
  1725 | D:3      | Reached XP level 5. HP: 19/41 MP: 5/5
  2077 | D:3      | Found a runed door.
  2243 | D:3      | Reached skill level 4 in Dodging
  2553 | D:3      | Found a sparkling altar of Nemelex Xobeh.
  2705 | D:3      | Reached skill level 4 in Long Blades
  2708 | D:3      | Found a radiant altar of Vehumet.
  2900 | D:4      | Reached XP level 6. HP: 47/48 MP: 6/6
  2926 | D:4      | Reached skill level 4 in Fighting
  3251 | D:4      | Found a sacrificial altar of Ru.
  3283 | D:4      | HP: 8/48 [ogre/giant club (16)]
  3583 | D:4      | Noticed an ice beast
  3605 | D:4      | Killed an ice beast
  3605 | D:4      | Gained mutation: A weak demonic guardian rushes to your aid. [demonic ancestry]
  3605 | D:4      | Reached XP level 7. HP: 48/55 MP: 7/7
  3625 | D:4      | Found a staircase to the Ecumenical Temple.
  3743 | Temple   | Entered the Ecumenical Temple
  3790 | Temple   | Became a worshipper of Cheibriados the Contemplative
  4028 | D:5      | Entered Level 5 of the Dungeon
  4094 | D:5      | HP: 10/55 [orc priest/nerve-wracking pain (13)]
  4104 | D:5      | HP: 9/55 [orc/trident (3)]
  4387 | D:5      | Found a stormy altar of Qazlal.
  4461 | D:5      | Reached skill level 5 in Dodging
  4461 | D:5      | Reached skill level 1 in Invocations
  4499 | D:5      | Reached skill level 5 in Fighting
  4650 | D:5      | Reached skill level 5 in Long Blades
  4679 | D:5      | Found a shadowy altar of Dithmenos.
  4696 | D:5      | Reached skill level 2 in Invocations
  4720 | D:5      | Found Jetzumua's Antique Armour Shoppe.
  4726 | D:5      | Reached * piety under Cheibriados
  5055 | D:6      | Noticed ScarCow's ghost (novice HuWn)
  5071 | D:6      | Killed ScarCow's ghost
  5071 | D:6      | Reached skill level 3 in Invocations
  5071 | D:6      | Gained mutation: You have sharp fingernails. [demonic ancestry]
  5071 | D:6      | Reached XP level 8. HP: 53/64 MP: 8/10
  5253 | D:6      | Reached skill level 6 in Fighting
  5391 | D:6      | Reached skill level 4 in Invocations
  5425 | D:6      | Found a radiant altar of Vehumet.
  5697 | D:7      | Reached skill level 1 in Unarmed Combat
  5904 | D:7      | Reached skill level 2 in Unarmed Combat
  5966 | D:7      | Reached skill level 5 in Invocations
  6094 | D:7      | Found a basalt altar of Yredelemnul.
  6114 | D:7      | Found Cunit's Assorted Antiques.
  6206 | D:7      | Reached skill level 3 in Unarmed Combat
  6642 | D:7      | Gained mutation: Your flesh is cold resistant. (rC+) [demonic ancestry]
  6642 | D:7      | Reached XP level 9. HP: 56/71 MP: 11/13
  6657 | D:7      | Reached ** piety under Cheibriados
  7032 | D:8      | Reached skill level 4 in Unarmed Combat
  7052 | D:8      | Reached skill level 7 in Fighting
  7052 | D:8      | Reached skill level 6 in Invocations
  7060 | D:8      | Reached skill level 5 in Unarmed Combat
  7236 | D:8      | Found a shattered altar of Ashenzari.
  7236 | D:8      | Found a shimmering altar of Xom.
  7289 | D:8      | Found a blossoming altar of Fedhas.
  7344 | D:8      | Reached *** piety under Cheibriados
  7522 | D:8      | Found a stormy altar of Qazlal.
  7829 | D:8      | Noticed a two-headed hydra
  7857 | D:8      | HP: 15/72 [three-headed hydra (9)]
  7860 | D:8      | HP: 5/72 [three-headed hydra (9)]
  7860 | D:8      | Mangled by a three-headed hydra

Vault maps used:
D:1:      zelgadis_glass_arrival_small, st_stairs_10, kennysheep_flooded_box,
          hangedman_decor_points
D:2:      hangedman_decor_clover_reticule, serial_bayou_pond_b
D:3:      grunt_temple_overflow_lords_of_destruction, marbit_many_paths,
          first_bread, uniq_terence, uniq_crazy_yiuf_cottage
D:4:      corexii_shantytown, nicolae_ru_the_path_less_chosen
D:5:      old_standard_altar, old_standard_altar, serial_shops,
          nicolae_shop_statue_plus
D:6:      basic_altar
D:7:      yredelemnul_forgotten_temple_becter, serial_shops,
          kennysheep_little_box
D:8:      lemuel_crystal_altar, gammafunk_temple_overflow_elements,
          hangedman_ranch, nicolae_qazlal_general_emergency
Temple:   minmay_temple_bridge_abc

Skill      XL: |  1  2  3  4  5  6  7  8  9 |
---------------+----------------------------+-----
Long Blades    | 3 4 5 |  5.6
Dodging        | 3 4 5 |  5.7
Fighting       | 3 4 5 6 7 |  7.5
Invocations    | 3 5 6 |  6.9
Unarmed Combat | 3 5 |  5.4
Throwing       | |  1.7

Action                   |  1- 3 |  4- 6 |  7- 9 || total
-------------------------+-------+-------+-------++-------
Melee: Long sword        |   202 |   305 |   519 ||  1026
       Punch             |       |       |    11 ||    11
  Use: Scroll            |     2 |       |     1 ||     3
 Stab: Sleeping          |     1 |       |       ||     1
       Distracted        |       |       |     3 ||     3
  Eat: Chunk             |     1 |     8 |     6 ||    15
       Bread ration      |       |       |     2 ||     2
       Meat ration       |       |       |     1 ||     1
Armor: Leather armour    |    47 |    11 |       ||    58
       Scale mail        |       |    86 |   192 ||   278
Dodge: Dodged            |   100 |   129 |   243 ||   472
Block: Other             |    43 |    67 |   129 ||   239

Table legend:
 A = Turns spent in this place as a percentage of turns spent in the entire game.
 B = Non-inter-level travel turns spent in this place as a percentage of non-inter-level travel turns spent in the entire game.
 C = Inter-level travel turns spent in this place as a percentage of turns spent in this place.
 D = Turns resting spent in this place as a percentage of non-inter-level travel turns spent in this place.
 E = Turns spent auto-exploring this place as a percentage of non-inter-level travel turns spent in this place.
 F = Non-inter-level travel turns spent in this place divided by the number of levels of this place that you've seen.
                   A       B       C       D       E      F
               +-------+-------+-------+-------+-------+----------------------
         Total | 100.0 | 100.0 |   0.5 |   2.3 |  11.7 | 320.1
       Dungeon |  99.8 |  99.8 |   0.5 |   2.3 |  11.6 | 359.4
        Temple |   0.2 |   0.2 |  14.3 |   0.0 |  66.7 |   6.0
               +-------+-------+-------+-------+-------+----------------------

Vault maps used:
D:1:      zelgadis_glass_arrival_small, st_stairs_10, kennysheep_flooded_box,
          hangedman_decor_points
D:2:      hangedman_decor_clover_reticule, serial_bayou_pond_b
D:3:      grunt_temple_overflow_lords_of_destruction, marbit_many_paths,
          first_bread, uniq_terence, uniq_crazy_yiuf_cottage
D:4:      corexii_shantytown, nicolae_ru_the_path_less_chosen
D:5:      old_standard_altar, old_standard_altar, serial_shops,
          nicolae_shop_statue_plus
D:6:      basic_altar
D:7:      yredelemnul_forgotten_temple_becter, serial_shops,
          kennysheep_little_box
D:8:      lemuel_crystal_altar, gammafunk_temple_overflow_elements,
          hangedman_ranch, nicolae_qazlal_general_emergency
Temple:   minmay_temple_bridge_abc
